 Dungeon Crawl Stone Soup version 0.22-a0-422-g9628fc87f1 (webtiles) character file.

53 CakeIsGreat the Covered (level 3, -2/24 HPs)
             Began as a Gargoyle Fighter on May 19, 2018.
             Killed from afar by Sigmund (10 damage)
             ... with a puff of flame
             ... on level 2 of the Dungeon.
             The game lasted 00:03:20 (992 turns).

CakeIsGreat the Covered (Gargoyle Fighter)           Turns: 992, Time: 00:03:20

Health: -2/24      AC: 10    Str: 20    XL:     3   Next: 87%
Magic:  3/3        EV:  7    Int:  8    God:
Gold:   34         SH:  0    Dex:  9    Spells: 2/2 levels left

rFire    . . .     SeeInvis .   a - +0 flail
rCold    . . .     Gourm    .   c - +0 shield
rNeg     + . .     Faith    .   b - +0 scale mail
rPois    ∞         Spirit   .   (no helmet)
rElec    +         Reflect  .   (no cloak)
rCorr    .         Harm     .   (no gloves)
MR       .....                  (no boots)
Stlth    ..........             (no amulet)
HPRegen  0.08/turn              (no ring)
MPRegen  0.08/turn              (no ring)

@: confused, berserk cooldown, slowed, very slow
A: negative energy resistance 1, electricity resistance, unbreathing,
petrification resistance, rot immunity, AC +3
a: no special abilities


You were on level 2 of the Dungeon.
You were hungry.

You visited 1 branch of the dungeon, and saw 2 of its levels.

You collected 34 gold pieces.

Inventory:

Hand Weapons
 a - a +0 flail (weapon)
Missiles
 p - 56 stones (quivered)
Armour
 b - a +0 scale mail (worn)
 c - a +0 shield (worn)
Scrolls
 h - a scroll of identify
 k - a scroll of immolation {unknown}
 n - a scroll of noise {unknown}
 o - a scroll of magic mapping {unknown}
Potions
 d - a potion of might
 i - a potion of ambrosia {unknown}
 j - 2 potions of heal wounds {unknown}
 l - a potion of haste {unknown}
 m - a potion of agility {unknown}
Comestibles
 f - 4 rations
 q - 5 chunks of flesh


   Skills:
 * Level 3.7 Fighting
 * Level 2.5 Maces & Flails
 + Level 0.4 Throwing
 * Level 3.9 Armour
 + Level 3.7 Shields


You had 2 spell levels left.
You didn't know any spells.
Your spell library was empty.

Dungeon Overview and Level Annotations

Branches:
Dungeon (2/15)

Altars:

Annotations:
D:2 Sigmund


Innate Abilities, Weirdness & Mutations

You are resistant to torment.
Your stone body is resilient. (AC +3)
You are immune to poison.
You resist negative energy. (rN+)
You are resistant to electric shocks. (rElec)
You can survive without breathing.
You are immune to petrification.
You are immune to rotting.


Message History

You hear some strange, mumbled words.
You are confused.
The adder bites you but does no damage.
You bump into the rock wall.
You hear some strange, mumbled words.
You are more confused.
The adder closely misses you.
You miss something. The adder bites you.
You miss something. Something hits you. The adder bites you but does no damage.
You closely miss something. The adder bites you but does no damage.
Something completely misses you.
You bump into the rock wall.
You feel a strong urge to attack something.
You are no longer berserk.
You are exhausted.
You feel yourself slow down. The adder bites you but does no damage.
You hear some strange, mumbled words.
A puff of flame appears from out of thin air!
The puff of flame hits you!
You die...

...S....S.# .#####.#.#
.#####÷#S###### ####
..............#.. ..#
#.#####.#.###.#.####
#.# #.#.#
#†#.##.#####.#### #.#.#
#S#.#.#...).<....
#...###S#..###.........
###...@{..## ##..#.###.
#.###.#..###.#.#(#
#.........#.##.#.#
#.###.#.##.###.#.# #.#
#.#..........# ##.#
#.############ ...# #.#
...# #.# ####..# #.#


You could see 2 adders.

Vanquished Creatures
  3 adders (D:2)
  4 bats
  A giant cockroach (D:1)
  4 hobgoblins (D:1)
  5 kobolds
  A quokka (D:2)
  A frilled lizard (D:1)
  6 goblins
  A rat (D:1)
26 creatures vanquished.

Notes
Turn   | Place    | Note
-------+----------+-------------------------------------------
     0 | D:1      | CakeIsGreat the Gargoyle Fighter began the quest for the Orb.
     0 | D:1      | Reached XP level 1. HP: 14/14 MP: 1/1
   177 | D:1      | Reached XP level 2. HP: 18/19 MP: 2/2
   854 | D:2      | Noticed Sigmund
   891 | D:2      | Reached XP level 3. HP: 19/23 MP: 3/3
   992 | D:2      | Killed from afar by Sigmund

Vault maps used:
D:1:      matt_arrival_diagonals, st_stairs_9,
          hangedman_abyss_or_decor_lesser_grid
D:2:      grunt_temple_overflow_order_and_chaos_2, first_ration,
          kennysheep_slug_shrine, uniq_sigmund

Action                   || total
-------------------------++-------
Melee: Flail             ||   132
Throw: Stone             ||     6
  Use: Scroll            ||     2
       Potion            ||     1
Armor: Scale mail        ||    88
Dodge: Dodged            ||    42
Block: Shield            ||    85

Table legend:
 A = Spawn XP
 B = Non-spawn XP
 C = Spawn XP percentage of total XP
 D = Spawn monster count
 E = Non-spawn monster count
 F = Spawn count percentage of total count
 G = Total turns spent on level
                    A         B        C        D         E        F      G
               +---------+---------+-------+---------+---------+-------+---------
         Total |       0 |      76 |   0.0 |       0 |      26 |   0.0 |   992
               +---------+---------+-------+---------+---------+-------+---------
           D:1 |       0 |      30 |   0.0 |       0 |      19 |   0.0 |   870
           D:2 |       0 |      46 |   0.0 |       0 |       7 |   0.0 |   122
               +---------+---------+-------+---------+---------+-------+---------
